 Dungeon Crawl Stone Soup version 0.28-a0-863-g8cecda6153 (webtiles) character file.

Game seed: 9834452415331377378

8 ytrimaz the Skirmisher (level 2, 24/24 HPs)
             Began as a Demonspawn Abyssal Knight on Nov 17, 2021.
             Was a Follower of Lugonu.
             Quit the game on level 1 of the Dungeon.
             The game lasted 00:01:09 (675 turns).

ytrimaz the Skirmisher (Demonspawn Abyssal Knight)   Turns: 675, Time: 00:01:10

Health: 24/24      AC:  3    Str: 13    XL:     2   Next: 0%
Magic:  3/3        EV: 11    Int: 11    God:    Lugonu [*.....]
Gold:   0          SH:  0    Dex: 13    Spells: 1/1 levels left

rFire   . . .      SeeInvis .   a - +1 falchion
rCold   . . .      Faith    .   (no shield)
rNeg    . . .      Spirit   .   b - +0 leather armour
rPois   .          Reflect  .   (no helmet)
rElec   .          Harm     .   (no cloak)
rCorr   .          Rampage  .   (no gloves)
Will    .....                   (no boots)
Stlth   +.........              (no amulet)
HPRegen 0.08/turn               (no ring)
MPRegen 0.08/turn               (no ring)

@: no status effects
A: weakness stinger 1
a: Renounce Religion, Depart the Abyss


You were on level 1 of the Dungeon.
You worshipped Lugonu.
Lugonu was aware of your devotion.
You visited 1 branch of the dungeon, and saw 1 of its levels.
You visited the Abyss 1 time.

Inventory:

Hand Weapons
 a - a +1 falchion (weapon)
Armour
 b - a +0 leather armour (worn)
 c - a +0 kite shield
Scrolls
 d - a scroll of fog {unknown}


   Skills:
 + Level 3.3 Fighting
 + Level 1.9 Long Blades
 + Level 1.9 Armour
 - Level 0.8 Dodging
 + Level 2.5 Invocations


You had one spell level left.
You didn't know any spells.
Your spell library was empty.

Dungeon Overview and Level Annotations

Branches:
Dungeon (1/15)

Altars:
Hepliaklqana


Innate Abilities, Weirdness & Mutations

You have a small tail.


Message History

You see here a hobgoblin corpse.
A ball python comes into view.
The ball python hisses angrily.
A rat comes into view.
There are monsters nearby!
There are monsters nearby!
You hit the ball python.
You kill the ball python!
Lugonu accepts your kill.
You can now depart the Abyss.
The rat bites you but does no damage. The rat bites you but does no damage.
You barely miss the rat.
The rat bites you but does no damage. x2
You closely miss the rat. The rat bites you but does no damage.
You slash the rat!
You kill the rat!
Lugonu accepts your kill.
You have reached level 2!
Your demonic ancestry asserts itself...
You grow a small tail.
You see here a rat corpse.
You open the door.
There is an open door here.
d - a scroll labelled FUSUPNICOIDGH Key pressed, stopping explore.
There is an open door here.
Key pressed, stopping explore.
You see here a hobgoblin corpse.
There is a stone staircase leading down here.
You open the door.
There is an open door here.
You see here a +0 leather armour.
You open the door.
Found a hazy altar of Hepliaklqana.
Unknown command.
There is an open door here.
There is a hazy altar of Hepliaklqana here.
You open the door.
There is an open door here.
Found a hunting sling.
Are you sure you want to abandon this character and quit the game? (Confirm with "yes".)

#.#.#########.#
....##...####.#
#.####.#.##...#
#......#.##.###
#.########### #.#.#
#.#.#
#.#.#♣♣♣♣♣♣♣#######
#.#.'..._...'...@.#
#.#.#♣♣♣♣♣♣♣#.###.#
..#.# #.# .# #.#.##
#.# )# ..#..# ..#
.# #>...# ### .#
###.## .# ###.#####
## #.......#


There were no monsters in sight!

Vanquished Creatures
  A dart slug (D:1)
  A hobgoblin (D:1)
  A quokka (D:1)
  A ball python (D:1)
  2 frilled lizards (D:1)
  A rat (D:1)
7 creatures vanquished.

Notes
Turn   | Place    | Note
-------+----------+-------------------------------------------
     0 | Abyss:1  | ytrimaz the Demonspawn Abyssal Knight began the quest for
                  | the Orb.
     0 | Abyss:1  | Reached XP level 1. HP: 18/18 MP: 2/2
    30 | Abyss:1  | Noticed a sixfirhy
    34 | D:1      | Escaped the Abyss
   494 | D:1      | Reached * piety under Lugonu
   500 | D:1      | Gained mutation: You have a small tail. [demonic ancestry]
   500 | D:1      | Reached XP level 2. HP: 24/24 MP: 3/3
   659 | D:1      | Found a hazy altar of Hepliaklqana.
   675 | D:1      | Quit the game

Illustrated notes

Levels and vault maps discovered:
D:1:      dpeg_arrival_shrine, layout_basic,
          shapermc_ecumenical_altar_starsandcircs, kennysheep_flooded_box

Action                   || total
-------------------------++-------
Melee: Falchion          ||    15
Invok: Depart the Abyss  ||     1
Armor: Leather armour    ||     7
Dodge: Dodged            ||    10

Table legend: (Time is in decaauts)
 A = Elapsed time spent in this place.
 B = Non-inter-level travel time spent in this place.
 C = Inter-level travel time spent in this place.
 D = Time resting spent in this place.
 E = Time spent auto-exploring this place.
 F = Levels seen in this place.
 G = Mean time per level.
                   A        B        C        D        E       F      G
               +--------+--------+--------+--------+--------+-----+--------+
         Total |    680 |    680 |      0 |    298 |    307 |   2 |  340.0 |
       Dungeon |    645 |    645 |      0 |    298 |    277 |   1 |  645.0 |
         Abyss |     35 |     35 |      0 |      0 |     30 |   1 |   35.0 |
               +--------+--------+--------+--------+--------+-----+--------+

Top non-repeatable levels by time:
     D:1: 645 daAuts
 Abyss:1: 35 daAuts
